 Dungeon Crawl Stone Soup version 0.31-a0-319-g4fced400ed (webtiles) character file.

Game seed: 1079688644041832667

68 mopl the Changeling (level 4, -6/30 HPs)
             Began as an Octopode Shapeshifter on July 18, 2023.
             Mangled by an orc priest
             ... wielding a +0 falchion
              (9 damage)
             ... on level 2 of the Dungeon.
             The game lasted 00:01:17 (839 turns).

mopl the Changeling (Octopode Shapeshifter)          Turns: 839, Time: 00:01:17

Health: -6/30      AC:  1    Str: 14    XL:     4   Next: 19%
Magic:  4/4        EV: 13    Int: 10    God:
Gold:   33         SH:  0    Dex: 14    Spells: 3/3 levels left

rFire   . .          .
                       - Unarmed
rCold   . . .        (no shield)
rNeg    . . .        (helmet currently unavailable)
rPois   .            (no amulet)
rElec   .            (no ring)
rCorr   .            (no ring)
SInv    .            (no ring)
Will    .....        (no ring)
Stlth   ++           (no ring)
HPRegen 0.25/turn    (no ring)
MPRegen 0.09/turn    (no ring)
                     (no ring)

%: no passive effects
@: beast-form
A: beast (slay +2), almost no armour, amphibious, 8 rings, camouflage 1,
gelatinous body 1, (nimble swimmer 1), tentacles
a: Begin Untransformation


You were on level 2 of the Dungeon.
You were a hulking beast.
You visited 1 branch of the dungeon, and saw 2 of its levels.

You collected 33 gold pieces.

Inventory:

Missiles
 c - 5 poisoned darts (quivered)
Talismans
 b - a beast talisman
Scrolls
 d - a scroll of amnesia {unknown}
 f - a scroll of torment {unknown}
Potions
 a - a potion of lignification {!q}
 e - a potion of attraction {unknown}
 g - a potion of heal wounds {unknown}


   Skills:
 + Level 2.4 Fighting
 + Level 2.4 Dodging
 * Level 3.0 Unarmed Combat
 * Level 3.5 Shapeshifting


You had 3 spell levels left.
You didn't know any spells.
Your spell library was empty.

Dungeon Overview and Level Annotations

Branches:
Dungeon (2/15)

Altars:


Innate Abilities, Weirdness & Mutations

You are a hulking beast.
Your limbs bulge with bestial killing power. (Slay +2)
You cannot wear most types of armour.
You are amphibious.
You can wear up to eight rings at the same time.
Your skin changes colour to match your surroundings (Stealth+).
Your rubbery body absorbs attacks. (AC +1, EV +1)
((You are camouflaged when in or above water. (Stealth+)))
You have tentacles for arms and can constrict up to eight enemies at once.


Message History

You tentacle-slap the adder. You grab the adder. You squeeze the adder.
You kill the adder!
You have reached level 4!
An orc comes into view. It is wielding a +0 mace.
An orc is nearby!
An orc comes into view.
It is wielding a +2 vampiric hand axe and wearing a +0 leather armour of willpower.
The orc shouts!
An orc priest comes into view. It is wielding a +0 falchion.
The orc shouts!
The orc hits you with a +0 mace!
You bludgeon the orc! You grab the orc.
The orc is almost dead.
You constrict the orc.
You kill the orc!
The orc priest begins to cast a cantrip, but forgets the words!
Your Unarmed Combat skill increases to level 3!
You tentacle-slap the orc. You grab the orc.
The orc is lightly wounded.
You constrict the orc.
The orc hits you with a +2 vampiric hand axe.
The orc draws strength from your wounds!
You tentacle-slap the orc.
The orc is moderately wounded.
You constrict the orc.
The orc hits you with a +2 vampiric hand axe.
The orc draws strength from your wounds!
You tentacle-slap the orc but do no damage.
You squeeze the orc.
You kill the orc!
The orc priest invokes the aid of Beogh against you.
Beogh smites you!
* * * LOW HITPOINT WARNING * * *
Items here: )) [ ††.
You are too injured to fight recklessly!
You barely miss the orc priest. You grab the orc priest.
You squeeze the orc priest.
The orc priest is lightly wounded.
You constrict the orc priest.
The orc priest hits you with a +0 falchion!
You die...

#.#.#.###..#
#.........#
####..#####
##..## #..##
#.####
#....####
####....######
####...ho.#
######..# ...#
###


You could see an orc priest.

Vanquished Creatures
  2 adders (D:2)
  2 dart slugs (D:1)
  2 orcs (D:2)
  3 giant cockroaches
  5 goblins (D:1)
  3 hobgoblins (D:1)
  4 jackals (D:1)
  4 quokkas (D:1)
  A ball python (D:1)
  5 bats (D:1)
  2 frilled lizards
  A kobold (D:1)
  7 rats
41 creatures vanquished.

Notes
Turn   | Place    | Note
-------+----------+-------------------------------------------
     0 | D:1      | mopl the Octopode Shapeshifter began the quest for the Orb.
     0 | D:1      | Reached XP level 1. HP: 14/14 MP: 1/1
    68 | D:1      | Reached XP level 2. HP: 19/19 MP: 2/2
   133 | D:1      | Reached XP level 3. HP: 16/24 MP: 3/3
   299 | D:1      | Found a faded altar of an unknown god.
   817 | D:2      | Reached XP level 4. HP: 30/30 MP: 4/4
   835 | D:2      | Reached skill level 3 in Unarmed Combat
   839 | D:2      | Mangled by an orc priest

Illustrated notes

Levels and vault maps discovered:
D:1:      wander_arrival_lonely_grave, layout_rooms,
          chequers_ecumenical_altar_simple_redux
D:2:      minmay_general_purpose_star, layout_basic

Skill      XL: |  1  2  3  4 |
---------------+-------------+-----
Unarmed Combat | 3 |  3.0
Fighting       | |  2.4
Dodging        | |  2.4
Shapeshifting  | |  3.5

Action                     |  1- 3 |  4- 6 || total
---------------------------+-------+-------++-------
  Melee: Unarmed           |    66 |     5 ||    71
         Constrict         |    20 |     3 ||    23
         Tentacles         |     9 |     2 ||    11
   Stab: Sleeping          |    10 |       ||    10
 Armour: Skin              |     2 |       ||     2
  Dodge: Dodged            |    39 |       ||    39

Table legend: (Time is in decaauts)
 A = Elapsed time spent in this place.
 B = Non-inter-level travel time spent in this place.
 C = Inter-level travel time spent in this place.
 D = Time resting spent in this place.
 E = Time spent auto-exploring this place.
 F = Levels seen in this place.
 G = Mean time per level.
                   A        B        C        D        E       F      G
               +--------+--------+--------+--------+--------+-----+--------+
         Total |    835 |    804 |     31 |      0 |    590 |   2 |  417.5 |
       Dungeon |    835 |    804 |     31 |      0 |    590 |   2 |  417.5 |
               +--------+--------+--------+--------+--------+-----+--------+

Top non-repeatable levels by time:
     D:1: 508 daAuts
     D:2: 327 daAuts
